Map: Dusk Towers

Players

LilDicky

  • Race: Terran Terran
  • League: Diamond

DanteStark - Winner!

  • Race: Terran Terran
  • League: Platinum

VOD

http://www.twitch.tv/tumescentpie

Description

Time

  • Played on: Nov. 28, 2015, 9:36 p.m.
  • Length: 14:32
Show
View Real Time Build Order
Export as new Build Order

LilDicky Terran 

Build Orders: MMM Bio 

Get SALT Encoding   

  12  0:01  SCV  
  13  0:13  SCV  
  14  0:21  Supply Depot  
  14  0:29  SCV  
  15  0:43  SCV  
  15  0:47  Barracks  
  16  0:50  Refinery  
  16  0:58  SCV  
  17  1:10  SCV  
  18  1:22  SCV  
  19  1:34  SCV  
  19  1:35  Reaper  
  19  1:38  Supply Depot  
  21  1:58  Orbital Command  
  21  2:13  Command Center  
  21  2:19  Reaper  
  22  2:25  Barracks  
  22  2:26  Barracks  
  22  2:30  SCV  
  22  2:31  Refinery  
  23  2:43  SCV  
  24  2:49  Barracks  
  25  2:55  SCV  
  26  2:59  Supply Depot  
  26  3:07  SCV  
  27  3:19  SCV  
  29  3:22  Barracks Tech Lab  
  29  3:23  Barracks Tech Lab  
  27  3:29  Orbital Command  
  27  3:30  Barracks Reactor  
  27  3:32  SCV  
  27  3:34  Factory  
  27  3:37  Engineering Bay  
  27  3:45  SCV  
  28  4:02  Combat Shields, Stimpack, Marine  
  28  4:03  Marine  
  28  4:08  Missile Turret  
  29  4:10  SCV  
  29  4:15  Missile Turret  
  29  4:16  SCV  
  31  4:18  Marine x2  
  31  4:19  Factory Reactor  
  31  4:23  SCV  
  34  4:25  Marine x2  
  34  4:28  SCV  
  37  4:34  Starport  
  37  4:36  Marine x2  
  39  4:41  SCV x2  
  39  4:43  Marine  
  39  4:45  Supply Depot  
  42  4:51  Supply Depot  
  42  4:52  Marine  
  43  4:54  Marine  
  43  4:55  SCV  
  34  5:19  Starport Tech Lab  
  34  5:20  Hellion x2  
  39  5:21  SCV, Marine  
  42  5:29  Supply Depot  
  42  5:30  SCV  
  42  5:33  SCV  
  45  5:39  Banshee  
  45  5:40  Cloaking Field  
  45  5:41  Marine x2  
  47  5:47  SCV x2  
  47  5:48  Marine  
  50  5:50  Concussive Shells  
  50  6:00  Widow Mine x2  
  50  6:01  SCV x2  
  56  6:10  Marine x3  
  59  6:12  Missile Turret  
  60  6:25  Banshee  
  63  6:28  Marine  
  62  6:39  Marine x2  
  60  6:40  Marine  
  55  7:39  Medivac x2  
  55  7:40  Missile Turret  
  59  8:14  SCV  
  59  8:18  SCV  
  61  8:26  SCV  
  62  8:30  Marine x2  
  61  8:37  Marine  
  61  8:38  Medivac x2, Marauder  
  61  8:41  SCV  
  69  8:48  Command Center, Marine x2  
  69  8:51  Barracks  
  69  8:52  Barracks  
  69  8:53  Barracks  
  69  8:54  Engineering Bay, Barracks  
  73  8:55  Terran Infantry Weapons Level 1, Marauder  
  73  8:59  Marine  
  73  9:01  Siege Tank  
  77  9:03  Armory  
  77  9:06  Marine  
  77  9:08  Marine  
  78  9:16  Marine  
  76  9:17  Marauder  
  78  9:24  Marine  
  78  9:27  Marine  
  65  9:34  Marine  
  61  9:39  Marauder  
  61  9:42  Marine  
  61  9:43  SCV  
  61  9:45  Marine  
  66  9:46  Barracks Reactor x2  
  66  9:52  Marauder  
  68  9:53  Barracks Tech Lab  
  68  10:00  Barracks Reactor, Marauder  
  68  10:04  Missile Turret  
  68  10:06  Missile Turret  
  60  10:14  Marauder  
  46  10:22  Marine x4  
  46  10:23  Marine x4  
  46  10:26  SCV  
  54  10:29  Orbital Command  
  54  10:31  SCV  
  54  10:34  Marine  
  56  10:38  SCV, Terran Infantry Armor Level 1  
  56  10:39  Marine x2  
  56  10:40  Marine x5  
  64  10:45  SCV  
  64  10:46  Marine  
  66  10:50  SCV  
  66  10:52  Terran Infantry Weapons Level 2, Missile Turret  
  66  10:54  Marine  
  68  10:57  SCV  
  68  10:59  SCV  
  68  11:00  Marine x2  
  72  11:14  Marine  
  69  11:30  Medivac  
  69  11:31  Marine x2, Medivac  
  69  11:32  Marine x4  
  79  11:33  SCV  
  79  11:38  Marine  
  79  11:39  Marauder x2  
  81  11:43  Siege Tank  
  84  11:47  Command Center, Marine  
  84  11:48  Marine  
  84  11:49  Marine  
  84  11:53  SCV  
  88  11:58  Marine  
  88  12:01  Marauder x2  
  93  12:13  Refinery  
  93  12:14  Refinery  
  93  12:18  Refinery  
  93  12:22  Supply Depot  
  93  12:26  Marine x3  
  93  12:27  SCV  
  93  12:28  Supply Depot  
  97  12:30  Marine x2  
  99  12:39  SCV  
  99  12:41  Supply Depot, Marine  
  99  12:43  Marine  
  102  12:48  Refinery  
  102  12:49  Marine  
  102  12:51  SCV  
  104  13:01  Orbital Command  
  104  13:03  SCV  
  105  13:07  Missile Turret  
  105  13:13  Marine x2  
  105  13:18  Marine  
  108  13:22  SCV  
  108  13:23  SCV  
  110  13:29  Supply Depot  
  110  13:31  SCV  
  110  13:33  SCV  
Show
View Real Time Build Order
Export as new Build Order

DanteStark Terran - Winner!

Build Orders:  

Get SALT Encoding   

  12  0:03  SCV  
  13  0:16  SCV  
  14  0:22  Supply Depot  
  14  0:28  SCV  
  14  0:30  Refinery  
  15  0:43  SCV  
  15  0:45  Barracks  
  16  0:56  SCV  
  17  1:08  SCV  
  18  1:14  Refinery  
  18  1:20  SCV  
  19  1:32  Orbital Command  
  19  1:35  Supply Depot  
  19  1:46  Reaper  
  20  2:00  SCV  
  21  2:01  Factory  
  21  2:12  SCV  
  22  2:17  Marine  
  22  2:30  SCV  
  22  2:35  Marine  
  24  2:37  Command Center  
  24  2:42  SCV  
  25  2:47  Widow Mine  
  25  2:48  Starport  
  27  2:53  Marine  
  27  2:54  SCV  
  29  3:02  Supply Depot  
  29  3:16  Widow Mine  
  31  3:22  Supply Depot  
  31  3:23  SCV  
  31  3:26  Medivac  
  34  3:35  SCV, Marine  
  36  3:47  Supply Depot  
  36  3:48  SCV  
  37  3:53  Marine  
  38  3:57  Orbital Command  
  36  4:05  Starport Reactor  
  36  4:06  Factory Tech Lab  
  36  4:11  Marine  
  38  4:24  SCV x2  
  38  4:29  Marine, Siege Tank, Liberator  
  43  4:36  SCV x2  
  45  4:46  Barracks  
  45  4:47  Marine  
  45  4:48  SCV x2  
  49  5:00  SCV  
  44  5:17  SCV x2  
  44  5:21  Barracks Tech Lab  
  44  5:29  SCV x2, Refinery  
  44  5:31  Refinery  
  46  5:36  Engineering Bay  
  46  5:37  Barracks Reactor  
  46  5:38  Barracks  
  46  5:41  SCV  
  47  5:45  Marauder  
  47  5:47  Stimpack  
  49  5:53  SCV  
  49  5:54  Supply Depot, Medivac  
  49  5:55  Medivac  
  49  5:56  SCV  
  55  6:05  SCV  
  55  6:06  Reaper  
  55  6:07  Liberator  
  55  6:08  SCV  
  55  6:09  Missile Turret  
  58  6:17  SCV  
  59  6:20  SCV  
  63  6:29  SCV  
  63  6:31  Missile Turret  
  63  6:32  SCV  
  65  6:38  Marauder  
  65  6:39  Barracks Reactor  
  67  6:41  SCV  
  67  6:44  SCV  
  67  6:46  Command Center  
  69  6:52  Marine x2  
  69  6:54  SCV  
  72  6:56  SCV  
  72  6:57  Siege Tank  
  72  6:59  Medivac  
  78  7:01  Marine  
  78  7:06  SCV  
  77  7:08  SCV  
  78  7:16  Marine  
  78  7:32  Supply Depot  
  78  7:33  Supply Depot  
  78  7:34  Missile Turret  
  78  7:35  Supply Depot  
  78  7:40  SCV x2, Marine x5  
  85  7:54  Viking x2  
  85  7:58  Marauder, Marine x4  
  95  7:59  Supply Depot  
  93  8:20  Marauder  
  88  8:34  Orbital Command  
  88  8:37  SCV x2  
  88  8:39  Missile Turret  
  92  8:41  Marauder  
  92  8:43  Missile Turret  
  92  8:44  Missile Turret  
  92  8:46  Marine x2  
  92  8:47  Marine x2  
  96  8:48  Viking  
  96  8:49  SCV x2, Viking  
  102  8:57  Supply Depot x2  
  102  8:58  Missile Turret  
  102  8:59  Terran Infantry Armor Level 1  
  102  9:01  SCV  
  105  9:03  Marauder  
  105  9:04  Marine  
  105  9:08  Engineering Bay  
  106  9:14  Missile Turret  
  89  9:34  Marine, Marauder  
  89  9:35  Marine x3  
  89  9:36  SCV  
  89  9:37  SCV x2  
  97  9:48  SCV  
  97  9:49  SCV x2, Missile Turret  
  97  9:52  Marine  
  100  9:53  Marine x3  
  100  9:56  Marauder  
  106  10:00  SCV  
  106  10:01  SCV x2  
  106  10:05  Missile Turret  
  105  10:10  Marine x2  
  105  10:13  SCV x3  
  109  10:17  Marauder  
  110  10:21  Marine  
  110  10:22  Marine  
  110  10:25  SCV x3  
  110  10:28  Missile Turret, Marine x2  
  117  10:37  SCV x3  
  117  10:38  Marauder  
  117  10:39  Marine x2  
  124  10:46  Marine x2  
  124  10:49  SCV  
  124  10:57  Marine x2  
  124  11:00  Marauder  
  124  11:03  Marine  
  129  11:07  Marine  
  130  11:13  Barracks  
  130  11:14  Marine  
  130  11:15  Marine  
  130  11:16  Missile Turret  
  130  11:17  Refinery x2, Missile Turret  
  128  11:21  Marine, Marauder  
  128  11:23  Barracks  
  124  11:32  Reaper  
  124  11:33  Reaper, Marine  
  124  11:35  Terran Infantry Weapons Level 1  
  124  11:36  Combat Shields  
  124  11:39  Marine  
  127  11:41  Armory  
  127  11:43  Marauder  
  129  11:51  Marine  
  129  11:52  Medivac  
  132  11:58  Medivac  
  132  12:00  Supply Depot  
  134  12:04  Supply Depot, Marauder  
  136  12:08  Command Center  
  136  12:14  Marine  
  136  12:15  Marine x3  
  142  12:18  Command Center, Siege Tank  
  144  12:22  Barracks Tech Lab  
  144  12:25  Marauder  
  144  12:26  Barracks Reactor  
  144  12:29  Factory  
  145  12:32  Marine x4  
  149  12:37  SCV, Factory  
  149  12:38  SCV x2  
  149  12:40  Medivac x2  
  156  12:47  Marauder  
  156  12:49  SCV  
  156  12:50  SCV x2, Siege Tank, Marine  
  165  13:17  Supply Depot  
  165  13:19  Supply Depot  
  165  13:20  SCV, Marauder, Supply Depot  
  165  13:22  Siege Tank  
  171  13:29  Supply Depot  
  171  13:33  Marine x2, Marauder  
  171  13:34  Marine x4  
  178  13:41  Marauder  
  171  13:51  Marine x4  
  171  13:54  Siege Tank, Marauder  
  177  14:03  Marauder  
Tags
 
Add a new tag
Caveats
  • Supply blocks, unpowered buildings, or Contaminate may cause inaccurate times.
  • Supply counts are checked every 10 seconds.